PL
BOSTON PATRIOTS @ OAKLAND OAKS
09/05/2027
 
TOP OF THE 1ST
Boston Patriots batting - Pitching for Oakland Oaks : LHP Jesús Franco
Pitching: LHP Jesús Franco
Batting: RHB Tamasaburo Kato 0-0: Called Strike
0-1: Foul Ball, location: 2F
0-2: Ball
1-2: SINGLE (Groundball, 4MD)
Batting: RHB Tommy Jones 0-0: Called Strike
0-1: Foul Ball, location: 2F
0-2: Foul Ball, location: 2F
0-2: Fly out, F8 (Flyball, 8RM)
Batting: RHB John Downing 0-0: Foul Ball, location: 2F
0-1: Called Strike
0-2: Ball
1-2: Fly out, F8 (Flyball, 8LS)
Batting: RHB Joseph Papasogli 0-0: Ball
1-0: Swinging Strike
1-1: Swinging Strike
1-2: Strikes out swinging
Top of the 1st over - 0 run(s), 1 hit(s), 0 error(s), 1 left on base; Boston 0 - Oakland 0
BOTTOM OF THE 1ST
Oakland Oaks batting - Pitching for Boston Patriots : RHP Tom Reynolds
Pitching: RHP Tom Reynolds
Batting: LHB Todd Williams 0-0: Called Strike
0-1: Fly out, F8 (Line Drive, 89M)
Batting: LHB Todd Henry 0-0: Ball
1-0: Hit by Pitch
Batting: LHB Jorge Vargas 0-0: Ball
1-0: Called Strike
1-1: Ball
2-1: SINGLE (Groundball, 34D)
Todd Henry to second
Batting: SHB Joaquín Reyes 0-0: Ball
1-0: Called Strike
1-1: SINGLE (Line Drive, 8LS)
Todd Henry to third
Jorge Vargas to second
Batting: SHB Orlando Villa 0-0: Ball
1-0: Foul Ball, location: 2F
1-1: Ball
2-1: Ball
3-1: Called Strike
3-2: Fly out, F6 (Line Drive, 6)
Batting: RHB Micah Coffey 0-0: Ball
1-0: Swinging Strike
1-1: Foul Ball, location: 2F
1-2: Fielders Choice at 2nd, 6-4 (Groundball, 6)
Bottom of the 1st over - 0 run(s), 2 hit(s), 0 error(s), 2 left on base; Boston 0 - Oakland 0
TOP OF THE 2ND
Boston Patriots batting - Pitching for Oakland Oaks : LHP Jesús Franco
Batting: RHB Karl Schultz 0-0: Foul Ball, location: 2F
0-1: Ball
1-1: Foul Ball, location: 2F
1-2: Ball
2-2: SINGLE (Line Drive, 78S)
Batting: SHB Jorge Velázquez 0-0: Swinging Strike
0-1: Foul Ball, location: 2F
0-2: Ball
1-2: Ball
2-2: Foul Ball, location: 2F
2-2: Foul Ball, location: 2F
2-2: Strikes out swinging
Batting: RHB Bill Dennis 0-0: Called Strike
0-1: Swinging Strike
0-2: Strikes out swinging
Batting: RHB Chandler Bailey 0-0: SINGLE (Line Drive, 7S)
Karl Schultz to second
Batting: RHB Miguel Márquez 0-0: Ball
1-0: Foul Ball, location: 2F
1-1: Foul Ball, location: 2F
1-2: Strikes out swinging
Top of the 2nd over - 0 run(s), 2 hit(s), 0 error(s), 2 left on base; Boston 0 - Oakland 0
BOTTOM OF THE 2ND
Oakland Oaks batting - Pitching for Boston Patriots : RHP Tom Reynolds
Batting: LHB Bryce Reilly 0-0: Called Strike
0-1: Foul Ball, location: 2F
0-2: Fly out, F8 (Line Drive, 8LM)
Batting: LHB Edwin Church 0-0: Called Strike
0-1: Ball
1-1: Ground out U3 (Groundball, 3L)
Batting: SHB Luis Luquín 0-0: Ground out 4-3 (Groundball, 4M)
Bottom of the 2nd over - 0 run(s), 0 hit(s), 0 error(s), 0 left on base; Boston 0 - Oakland 0
TOP OF THE 3RD
Boston Patriots batting - Pitching for Oakland Oaks : LHP Jesús Franco
Batting: RHB Tamasaburo Kato 0-0: Called Strike
0-1: Foul Ball, location: 2F
0-2: Strikes out looking
Batting: RHB Tommy Jones 0-0: Foul Ball, location: 2F
0-1: Ball
1-1: Foul Ball, location: 2F
1-2: Ball
2-2: SINGLE (Flyball, 8RS)
Batting: RHB John Downing 0-0: Ball
1-0: Called Strike
1-1: Ball
2-1: Swinging Strike
2-2: Strikes out swinging
Batting: RHB Joseph Papasogli 0-0: Foul Ball, location: 2F
0-1: Ball
1-1: Ground out 5-3 (Groundball, 56S)
Top of the 3rd over - 0 run(s), 1 hit(s), 0 error(s), 1 left on base; Boston 0 - Oakland 0
BOTTOM OF THE 3RD
Oakland Oaks batting - Pitching for Boston Patriots : RHP Tom Reynolds
Batting: LHB Todd Williams 0-0: Foul Ball, location: 2F
0-1: Swinging Strike
0-2: Ball
1-2: Ball
2-2: Strikes out swinging
Batting: LHB Todd Henry 0-0: Called Strike
0-1: Ground out 4-3 (Groundball, 4S)
Batting: LHB Jorge Vargas 0-0: Called Strike
0-1: Swinging Strike
0-2: Strikes out looking
Bottom of the 3rd over - 0 run(s), 0 hit(s), 0 error(s), 0 left on base; Boston 0 - Oakland 0
TOP OF THE 4TH
Boston Patriots batting - Pitching for Oakland Oaks : LHP Jesús Franco
Batting: RHB Karl Schultz 0-0: Called Strike
0-1: SINGLE (Line Drive, 7LS)
Batting: SHB Jorge Velázquez 0-0: Called Strike
0-1: Fly out, F9 (Flyball, 9S)
Batting: RHB Bill Dennis 0-0: Fly out, F9 (Flyball, 9LS)
Batting: RHB Chandler Bailey 0-0: Ball
1-0: Ball
2-0: Called Strike
2-1: Foul Ball, location: 2F
2-2: Foul Ball, location: 2F
2-2: Fielders Choice at 2nd, 5-4 (Groundball, 5L)
Top of the 4th over - 0 run(s), 1 hit(s), 0 error(s), 0 left on base; Boston 0 - Oakland 0
BOTTOM OF THE 4TH
Oakland Oaks batting - Pitching for Boston Patriots : RHP Tom Reynolds
Batting: SHB Joaquín Reyes 0-0: Called Strike
0-1: Ball
1-1: Swinging Strike
1-2: Strikes out looking
Batting: SHB Orlando Villa 0-0: Ball
1-0: Ball
2-0: Ball
3-0: Base on Balls
Batting: RHB Micah Coffey 0-0: Ball
1-0: Grounds into double play, 6-4-3 (Groundball, 6M)
Bottom of the 4th over - 0 run(s), 0 hit(s), 0 error(s), 0 left on base; Boston 0 - Oakland 0
TOP OF THE 5TH
Boston Patriots batting - Pitching for Oakland Oaks : LHP Jesús Franco
Batting: RHB Miguel Márquez 0-0: Called Strike
0-1: Ball
1-1: Ball
2-1: Called Strike
2-2: SINGLE (Line Drive, 78S)
Batting: RHB Tamasaburo Kato 0-0: Ball
1-0: Called Strike
1-1: Foul Ball, location: 2F
1-2: Ball
2-2: Fly out, F8 (Flyball, 8LD)
Runner from 1st tags up, SAFE at 2nd
Batting: RHB Tommy Jones 0-0: Foul Ball, location: 2F
0-1: Swinging Strike
0-2: Foul Ball, location: 2F
0-2: Foul Ball, location: 2F
0-2: Foul Ball, location: 2F
0-2: Ball
1-2: Ground out 4-3 (Groundball, 4)
Miguel Márquez to third
Batting: RHB John Downing 0-0: Foul Ball, location: 2F
0-1: Called Strike
Balk!
Miguel Márquez scores
0-2: Strikes out swinging
Top of the 5th over - 1 run(s), 1 hit(s), 0 error(s), 0 left on base; Boston 1 - Oakland 0
BOTTOM OF THE 5TH
Oakland Oaks batting - Pitching for Boston Patriots : RHP Tom Reynolds
Batting: LHB Bryce Reilly 0-0: DOUBLE (Flyball, 78M)
Batting: LHB Edwin Church 0-0: Ball
1-0: Called Strike
1-1: Swinging Strike
1-2: Strikes out swinging
Batting: SHB Luis Luquín 0-0: Ball
1-0: Called Strike
Bryce Reilly steals 3rd base
1-1: Ball
2-1: Ground out 4-3 (Groundball, 34)
Bryce Reilly scores
Batting: LHB Todd Williams 0-0: Fly out, F8 (Flyball, 8LD)
Bottom of the 5th over - 1 run(s), 1 hit(s), 0 error(s), 0 left on base; Boston 1 - Oakland 1
TOP OF THE 6TH
Boston Patriots batting - Pitching for Oakland Oaks : LHP Jesús Franco
Batting: RHB Joseph Papasogli 0-0: SINGLE (Line Drive, 6D)
Batting: RHB Karl Schultz 0-0: Called Strike
0-1: Foul Ball, location: 2F
0-2: Ball
1-2: Ball
2-2: Fly out, F7 (Flyball, 7LMF)
Batting: SHB Jorge Velázquez 0-0: Swinging Strike
0-1: Foul Ball, location: 2F
0-2: Foul Ball, location: 2F
0-2: Foul Ball, location: 2F
0-2: Ball
1-2: Foul Ball, location: 2F
1-2: Ball
2-2: Strikes out swinging
Pitching: RHP Júlio Saldaña
Batting: RHB Bill Dennis 0-0: Called Strike
0-1: Ball
1-1: Called Strike
1-2: Ball
2-2: Strikes out swinging
Top of the 6th over - 0 run(s), 1 hit(s), 0 error(s), 1 left on base; Boston 1 - Oakland 1
BOTTOM OF THE 6TH
Oakland Oaks batting - Pitching for Boston Patriots : RHP Tom Reynolds
Batting: LHB Todd Henry 0-0: Ball
1-0: Fly out, F4 (Line Drive, 4M)
Batting: LHB Jorge Vargas 0-0: Called Strike
0-1: Foul Ball, location: 2F
0-2: Ball
1-2: Ground out 1-3 (Groundball, 13S)
Batting: SHB Joaquín Reyes 0-0: Called Strike
0-1: SINGLE (Groundball, 34D)
Batting: SHB Orlando Villa 0-0: Ball
1-0: Foul Ball, location: 2F
1-1: Foul Ball, location: 2F
1-2: Ball
2-2: Ball
3-2: Base on Balls
Joaquín Reyes to second
Batting: RHB Micah Coffey 0-0: Ball
1-0: Called Strike
1-1: Called Strike
1-2: Strikes out looking
Bottom of the 6th over - 0 run(s), 1 hit(s), 0 error(s), 2 left on base; Boston 1 - Oakland 1
TOP OF THE 7TH
Boston Patriots batting - Pitching for Oakland Oaks : RHP Júlio Saldaña
Batting: RHB Chandler Bailey 0-0: Foul Ball, location: 2F
0-1: Foul Ball, location: 2F
0-2: Ball
1-2: Ground out 4-3 (Groundball, 4)
Batting: RHB Miguel Márquez 0-0: Ball
1-0: Swinging Strike
1-1: Ball
2-1: Foul Ball, location: 2F
2-2: Strikes out swinging
Batting: RHB Tamasaburo Kato 0-0: Foul Ball, location: 2F
0-1: Fly out, F8 (Flyball, 8RD)
Top of the 7th over - 0 run(s), 0 hit(s), 0 error(s), 0 left on base; Boston 1 - Oakland 1
BOTTOM OF THE 7TH
Oakland Oaks batting - Pitching for Boston Patriots : RHP Tom Reynolds
Batting: LHB Bryce Reilly 0-0: Ball
1-0: Called Strike
1-1: Called Strike
1-2: Ball
2-2: Ball
3-2: Base on Balls
Batting: LHB Edwin Church 0-0: Ball
1-0: Swinging Strike
1-1: Ball
2-1: SINGLE (Line Drive, 8RS)
Bryce Reilly to second
Runner from 2nd tries for 3rd, SAFE, throw made to third
Batting: SHB Luis Luquín 0-0: Ball
1-0: Foul Ball, location: 2F
1-1: SINGLE (Groundball, 4MD)
Bryce Reilly scores
Edwin Church to second
Batting: LHB Todd Williams 0-0: Called Strike
0-1: Foul Ball, location: 2F
0-2: Foul Ball, location: 2F
0-2: Ball
1-2: Ball
2-2: Fly out, F9 (Flyball, 9S)
Batting: LHB Todd Henry 0-0: Ball
1-0: 3-RUN HOME RUN (Flyball, 78XD), Distance : 433 ft
Batting: LHB Jorge Vargas 0-0: Ball
1-0: Called Strike
1-1: Ball
2-1: Ball
3-1: Foul Ball, location: 2F
3-2: Base on Balls
Batting: SHB Joaquín Reyes 0-0: Called Strike
0-1: Ball
1-1: Called Strike
1-2: Foul Ball, location: 2F
1-2: Strikes out swinging
Pitching: LHP José Sánchez
Batting: SHB Orlando Villa 0-0: Swinging Strike
0-1: Swinging Strike
0-2: Strikes out swinging
Bottom of the 7th over - 4 run(s), 3 hit(s), 0 error(s), 1 left on base; Boston 1 - Oakland 5
TOP OF THE 8TH
Boston Patriots batting - Pitching for Oakland Oaks : RHP Júlio Saldaña
Batting: RHB Tommy Jones 0-0: Ground out 1-3 (Groundball, P)
Batting: RHB John Downing 0-0: Called Strike
0-1: Called Strike
0-2: Ball
1-2: Fly out, F8 (Flyball, 78D)
Batting: RHB Joseph Papasogli 0-0: Ground out 6-3 (Groundball, 4M)
Top of the 8th over - 0 run(s), 0 hit(s), 0 error(s), 0 left on base; Boston 1 - Oakland 5
BOTTOM OF THE 8TH
Oakland Oaks batting - Pitching for Boston Patriots : LHP José Sánchez
Batting: RHB Micah Coffey 0-0: Called Strike
0-1: Swinging Strike
0-2: Ball
1-2: Ball
2-2: Foul Ball, location: 2F
2-2: Foul Ball, location: 2F
2-2: Ball
3-2: Base on Balls
Batting: LHB Bryce Reilly 0-0: Ground out 4-3 (Groundball, 4MD)
Micah Coffey to second
Batting: LHB Edwin Church 0-0: Intentional Walk
Batting: SHB Luis Luquín 0-0: Ground out 6-3 (Groundball, 6S)
Micah Coffey to third
Edwin Church to second
Batting: LHB Todd Williams 0-0: Ball
1-0: Ground out 6-3 (Groundball, 6)
Bottom of the 8th over - 0 run(s), 0 hit(s), 0 error(s), 2 left on base; Boston 1 - Oakland 5
TOP OF THE 9TH
Boston Patriots batting - Pitching for Oakland Oaks : RHP Júlio Saldaña
Pitching: RHP Seb Alport
Batting: RHB Karl Schultz 0-0: Swinging Strike
0-1: Ball
1-1: Foul Ball, location: 2F
1-2: Ball
2-2: SINGLE (Line Drive, 78S)
Batting: SHB Jorge Velázquez 0-0: Ball
1-0: Ball
2-0: Swinging Strike
2-1: Foul Ball, location: 2F
2-2: Strikes out swinging
Batting: RHB Bill Dennis 0-0: 2-RUN HOME RUN (Flyball, 7D), Distance : 405 ft
Pitching: LHP Finn Wuilink
Batting: RHB Chandler Bailey 0-0: Ball
1-0: Foul Ball, location: 2F
1-1: Foul Ball, location: 2F
1-2: Ground out 4-3 (Groundball, 4M)
Batting: RHB Miguel Márquez 0-0: Called Strike
0-1: Foul Ball, location: 2F
0-2: Ball
1-2: Ball
2-2: Ground out 4-3 (Groundball, 4)
Top of the 9th over - 2 run(s), 2 hit(s), 0 error(s), 0 left on base; Boston 3 - Oakland 5
Saturday, May 26th, 2018 - OOTP Baseball 17.12 Build 75